 Dungeon Crawl Stone Soup version 0.22-a0-110-g5b255cf (webtiles) character file.

99 MrOwlBear the Chopper (level 4, -3/41 HPs)
             Began as a Minotaur Berserker on Jan 27, 2018.
             Was a Believer of Trog.
             Slain by a gnoll
             ... wielding a +0 halberd
              (6 damage)
             ... on level 3 of the Dungeon.
             The game lasted 00:20:30 (1459 turns).

MrOwlBear the Chopper (Minotaur Berserker)          Turns: 1459, Time: 00:20:31

Health: -3/41      AC:  4    Str: 23    XL:     4   Next: 45%
Magic:  3/3        EV: 12    Int:  4    God:    Trog [**....]
Gold:   83         SH:  0    Dex:  9    Spells: 3/3 levels left

rFire    . . .     SeeInvis .   a - +0 hand axe
rCold    . . .     Gourm    .   (no shield)
rNeg     . . .     Faith    .   d - +0 leather armour
rPois    .         Spirit   .   (helmet restricted)
rElec    .         Reflect  .   (no cloak)
rCorr    .         Harm     .   e - +0 pair of gloves
MR       .....                  (no boots)
Stlth    +.........             (no amulet)
HPRegen  0.13/turn              (no ring)
MPRegen  0.08/turn              (no ring)

@: no status effects
A: retaliatory headbutt, horns 2
a: Berserk, Trog's Hand, Burn Spellbooks, Renounce Religion


You were on level 3 of the Dungeon.
You worshipped Trog.
Trog was pleased with you.
You were not hungry.

You visited 1 branch of the dungeon, and saw 3 of its levels.

You collected 83 gold pieces.

Inventory:

Hand Weapons
 a - a +0 hand axe (weapon)
 i - a cursed +0 short sword
 k - a +0 short sword
 l - a +0 spear
Missiles
 h - 19 bolts
Armour
 b - a +0 animal skin
 d - a +0 leather armour (worn)
 e - a +0 pair of gloves (worn)
 n - a +0 robe
 o - a +1 helmet
 r - a +0 naga barding
Scrolls
 j - a scroll of magic mapping {unknown}
 q - a scroll of fog {unknown}
Potions
 f - a potion of curing {unknown}
 g - a potion of degeneration {unknown}
 m - a potion of agility {unknown}
 p - 2 potions of haste {unknown}
Comestibles
 c - 4 rations


   Skills:
 + Level 4.4 Fighting
 * Level 5.2 Axes
 + Level 3.4 Armour
 - Level 2.2 Dodging


You had 3 spell levels left.
You didn't know any spells.

Dungeon Overview and Level Annotations

Branches:
Dungeon (3/15)

Altars:


Innate Abilities, Weirdness & Mutations

You reflexively headbutt those who attack you in melee.
You have a pair of horns on your head.


Message History

You hit the gnoll.
You kill the gnoll!
Trog accepts your kill. The gnoll barely misses you.
The gnoll barely misses you. The gnoll hits you but does no damage.
You see here a flail.
The gnoll barely misses you. You furiously retaliate!
You headbutt the gnoll. The gnoll closely misses you.
You hit the gnoll but do no damage.
The gnoll is heavily wounded.
The gnoll closely misses you. The gnoll hits you but does no damage.
You closely miss the gnoll.
You headbutt the gnoll, but do no damage.
The gnoll is heavily wounded.
The gnoll barely misses you. The gnoll hits you with a spear.
* * * LOW HITPOINT WARNING * * *
You closely miss the gnoll.
The gnoll is heavily wounded.
The gnoll hits you from afar with a halberd.
You die...

#### ..#
#.# #<#
##.##)###
#....@gg#
##.##.#.#
# #.#.#
..# # .##
#. #. #.


You could see 2 gnolls.

Vanquished Creatures
  Natasha (twice) (D:2)
  A gnoll (D:3)
  An adder (D:2)
  A dart slug (D:2)
  A giant cockroach (D:1)
  3 hobgoblins (D:1)
  3 jackals (D:1)
  6 bats (D:1)
  3 frilled lizards
  2 goblins (D:1)
  5 kobolds
  6 rats
34 creatures vanquished.

Notes
Turn   | Place    | Note
-------+----------+-------------------------------------------
     0 | D:1      | MrOwlBear the Minotaur Berserker began the quest for the Orb.
     0 | D:1      | Reached XP level 1. HP: 19/19 MP: 0/0
    75 | D:1      | Reached skill level 4 in Axes
    75 | D:1      | Reached XP level 2. HP: 21/27 MP: 1/1
   538 | D:1      | Reached ** piety under Trog
  1215 | D:2      | Reached XP level 3. HP: 30/33 MP: 2/2
  1316 | D:2      | Noticed Natasha
  1321 | D:2      | Killed Natasha
  1416 | D:2      | Noticed Natasha
  1428 | D:2      | Killed Natasha
  1428 | D:2      | Reached skill level 5 in Axes
  1428 | D:2      | Reached XP level 4. HP: 15/41 MP: 3/3
  1459 | D:3      | Slain by a gnoll

Vault maps used:
D:1:      scummos_arrival_checkerplants
D:2:      first_ration, uniq_natasha
D:3:      nicolae_overflow_crystal_walls

Skill      XL: |  1  2  3 |
---------------+----------+-----
Axes           | 4 5 |  5.2
Fighting       | 4 |  4.4
Armour         | 3 |  3.4
Dodging        | |  2.2

Action                   |  1- 3 |  4- 6 || total
-------------------------+-------+-------++-------
Melee: Hand axe          |    74 |     6 ||    80
       Headbutt          |     6 |     2 ||     8
  Eat: Chunk             |     2 |       ||     2
Armor: Leather armour    |    13 |     2 ||    15
Dodge: Dodged            |    46 |     7 ||    53

Table legend:
 A = Spawn XP
 B = Non-spawn XP
 C = Spawn XP percentage of total XP
 D = Spawn monster count
 E = Non-spawn monster count
 F = Spawn count percentage of total count
 G = Total turns spent on level
                    A         B        C        D         E        F      G
               +---------+---------+-------+---------+---------+-------+---------
         Total |       0 |     142 |   0.0 |       0 |      34 |   0.0 |  1459
               +---------+---------+-------+---------+---------+-------+---------
           D:1 |       0 |      35 |   0.0 |       0 |      26 |   0.0 |  1077
           D:2 |       0 |      92 |   0.0 |       0 |       7 |   0.0 |   373
           D:3 |       0 |      15 |   0.0 |       0 |       1 |   0.0 |     9
               +---------+---------+-------+---------+---------+-------+---------
